AoeStats
← 沐灵葵

African Clearing

506077418Analyzed
4v4 RM · 20d ago on Sep 12, 2026· 21m 42s· 8 players
Game mode
Random Map
Map size
Large (8 player)
Population
200
Speed
Normal
Resources
Standard
Victory
Conquest
Starting age
Dark Age
Ending age
Imperial Age
RankedLock teamsTeams togetherTeam positionsShared explorationLock speedFull tech treeHidden civsTurbo modeCheats
Victory
Defeat
🇭🇰 Vietnamese · Hong Kong SAR China
891
+12
🇨🇳 Huns · China
867
+31
🇨🇳 Ethiopians · China
828
+15
🇨🇳 Lithuanians · China
789
+16
🇩🇪 Gurjaras · Germany
962
-20
🇩🇪 Huns · Germany
775
-13
🇫🇷 Byzantines · France
750
-12
🇨🇳 Byzantines · China
714
-11
1318882408
4:15 Loom
16:11 Feudal Age
16:14 Man-at-Arms
LeVieuxMachin
7:46 Loom
7:53 Loom
16:49 Feudal Age
Hans Yolo
17:35 Feudal Age
18:17 Double-Bit Axe
18:14 Horse Collar
20:09 Bloodlines
沐灵葵
13:28 Loom
16:19 Feudal Age
873108255
4:46 Loom
15:21 Feudal Age
15:51 Double-Bit Axe
15:54 Horse Collar
18:20 Scale Barding Armor
18:25 Forging
bacon
6:56 Loom
15:54 Feudal Age
22:27 Castle Age
21:46 Double-Bit Axe
21:52 Gold Mining
21:55 Stone Mining
21:47 Horse Collar
Good night
3:31 Loom
15:45 Feudal Age
POP MART
7:02 Loom
12:56 Feudal Age
15:18 Forging
Connection lost

Rejoining the realm…

Still unreachable

The connection could not be restored.

Session expired

The server has moved on; the page needs a fresh start.